 Dungeon Crawl Stone Soup version 0.29.1-15-g9cfb28693d (webtiles) character file.

Game seed: 7294031559049880861

1247 Coltbek the Chopper (level 8, -3/58 HPs)
             Began as a Demonspawn Fighter on Mar 22, 2023.
             Was an Initiate of Gozag.
             Slain by an orc warrior
             ... wielding a +0 dire flail of protection
              (10 damage)
             ... on level 4 of the Dungeon.
             The game lasted 00:19:40 (6300 turns).

Coltbek the Chopper (Demonspawn Fighter)            Turns: 6300, Time: 00:19:40

Health: -3/58      AC: 11    Str: 21    XL:     8   Next: 25%
Magic:  8/8        EV:  7    Int: 10    God:    Gozag
Gold:   877        SH: 10    Dex: 16    Spells: 7/7 levels left

rFire   + . .      SeeInvis .   t - +8 hammer of Lapne {vorpal, rF+ Str+3 Dex+3}
rCold   . . .      Faith    .   c - +0 buckler
rNeg    . . .      Spirit   .   o - +0 chain mail
rPois   .          Reflect  +   (helmet restricted)
rElec   .          Harm     .   u - +0 cloak
rCorr   .          Rampage  .   p - +0 pair of gloves
Will    .....                   (no boots)
Stlth   ..........              z - amulet of reflection
HPRegen 0.19/turn               (no ring)
MPRegen 0.11/turn               (no ring)

@: no status effects
A: antennae 2, claws 1, hooves 2, demonic magic 1
a: Renounce Religion, Potion Petition, Call Merchant, Bribe Branch


You were on level 4 of the Dungeon.
You worshipped Gozag.
Gozag was pleased with you.
You visited 1 branch of the dungeon, and saw 5 of its levels.

You collected 877 gold pieces.

Inventory:

Hand Weapons
 t - the +8 hammer of Lapne (weapon) {vorpal, rF+ Str+3 Dex+3}
   (You found it on level 3 of the Dungeon)

   It inflicts extra damage upon your enemies.
   Str:       It affects your strength (+3).
   Dex:       It affects your dexterity (+3).
   rF:        It protects you from fire.
Armour
 c - a +0 buckler (worn)
 o - a +0 chain mail (worn)
 p - a +0 pair of gloves (worn)
 u - a +0 cloak (worn)
 v - a +0 helmet
 x - an orb of wrath
Jewellery
 z - an amulet of reflection (around neck)
Wands
 d - a wand of flame (5)
 n - a wand of quicksilver (15) (quivered)
Scrolls
 i - a scroll of amnesia {unknown}
 k - 3 scrolls of teleportation {unknown}
 m - 2 scrolls of enchant armour {unknown}
 q - 4 scrolls of identify {unknown}
 w - a scroll of fog {unknown}
 y - a scroll of poison {unknown}
Potions
 a - 3 potions of flight {unknown}
 b - a potion of magic {unknown}
 e - a potion of haste {unknown}
 g - 3 potions of curing {unknown}
 h - a potion of attraction {unknown}
 j - a potion of degeneration {unknown}
 l - a potion of brilliance {unknown}
 r - 3 potions of berserk rage {unknown}
 s - a potion of lignification {unknown}


   Skills:
 - Level 3.0 Fighting
 + Level 6.7(7.9) Axes
 * Level 6.2(7.6) Maces & Flails
 - Level 2.6 Armour
 - Level 2.6 Shields


You had 7 spell levels left.
You didn't know any spells.
Your spell library contained the following spells:

 Spells                   Type           Power      Damage    Failure   Level
 Ensorcelled Hibernation  Hex/Ice        0%         N/A       100%        2
 Passwall                 Tmut/Erth      0%         N/A       100%        2
 Summon Guardian Golem    Hex/Summ       0%         N/A       100%        3
 Swiftness                Air            0%         N/A       100%        3
 Summon Ice Beast         Ice/Summ       0%         N/A       100%        4
 Summon Mana Viper        Hex/Summ       0%         N/A       100%        5
 Monstrous Menagerie      Summ           0%         N/A       100%        7
 Orb of Destruction       Conj           0%         9d5       100%        7
 Spellforged Servitor     Conj/Summ      0%         N/A       100%        7


Dungeon Overview and Level Annotations

Branches:
Dungeon (5/15)
 Temple: D:4-7

Altars:
Ashenzari
Gozag
Kikubaaqudgha
Okawaru
Qazlal


Innate Abilities, Weirdness & Mutations

You have a pair of antennae on your head.
You have sharp fingernails.
You have hoof-like feet.
Spells you cast may paralyse adjacent enemies.


Message History

You start resting.
HP restored.
You climb downwards.
The orc warrior hits you with a +0 dire flail of protection! x2
The orc wizard gestures at you while chanting.
The puff of flame hits you but does no damage.
There is a stone staircase leading up, spattered with blood here.
The orc warrior hits you with a +0 dire flail of protection!
You climb upwards.
There is a stone staircase leading down here.
You hit the orc warrior but do no damage.
You kick the orc warrior, but do no damage.
The orc warrior closely misses you.
You hit the orc warrior but do no damage.
The orc warrior hits you with a +0 dire flail of protection!
* * * LOW HITPOINT WARNING * * *
You hit the orc warrior but do no damage.
Your kick misses the orc warrior. You block the orc warrior's attack.
You hit the orc warrior but do no damage.
Your kick misses the orc warrior.
The orc warrior hits you but does no damage.
You feel much better.
The orc warrior hits you with a +0 dire flail of protection.
You hit the orc warrior but do no damage.
Your kick misses the orc warrior.
The orc warrior hits you with a +0 dire flail of protection!
You closely miss the orc warrior.
You kick the orc warrior, but do no damage.
The orc warrior hits you with a +0 dire flail of protection.
You hit the orc warrior.
You kick the orc warrior, but do no damage.
The orc warrior is lightly wounded.
The orc warrior hits you with a +0 dire flail of protection!
* * * LOW HITPOINT WARNING * * *
You hit the orc warrior but do no damage.
Your kick misses the orc warrior.
The orc warrior is lightly wounded.
The orc warrior hits you with a +0 dire flail of protection!
You die...
Your body crumbles into a pile of gold.

....#.........#.......#.......#
##'##.........#...#####.......#
.............##...#......###'##
.............'....#......#...#
..)..........#....#.....(#...#
.............#....+......#...#
.............#....#......#...#
.............####o#......#...#
................@........#...#
.........................#...#
###+####+####............#...####
#.....#.....+............#......#
#.....#.....#............#...##.#
#.....#.....########....§..§....#
#.....#..............≈≈≈≈≈≈§≈≈§.#
###...#..............≈...§.§§≈..#
..##..'..............≈§≈§≈≈§.≈..#


You could see an orc warrior.

Vanquished Creatures
  The ghost of Peloso the Slasher, a novice MiFi (D:5)
  A vampire (D:5)
  An ice beast (D:4)
  A black bear (D:5)
  Blork the orc (D:4)
  A scorpion (D:5)
  2 hounds
  An orc priest (D:4)
  Crazy Yiuf (D:3)
  Jessica (D:3)
  An iguana (D:5)
  2 orc wizards (D:4)
  11 gnolls
  3 adders
  A shadow imp (D:5)
  An ufetubus (D:5)
  4 dart slugs
  13 orcs
  3 bats (D:1)
  7 endoplasms
  3 giant cockroaches (D:2)
  9 goblins
  10 hobgoblins
  12 jackals
  6 kobolds
  3 quokkas
  3 ball pythons
  6 rats
109 creatures vanquished.

Notes
Turn   | Place    | Note
-------+----------+-------------------------------------------
     0 | D:1      | Coltbek the Demonspawn Fighter began the quest for the Orb.
     0 | D:1      | Reached XP level 1. HP: 18/18 MP: 1/1
   259 | D:1      | Gained mutation: Spells you cast may paralyse adjacent
                  | enemies. [demonic ancestry]
   259 | D:1      | Reached XP level 2. HP: 22/24 MP: 2/2
   653 | D:1      | Found a faded altar of an unknown god.
  1115 | D:1      | Prayed at the altar of an unknown god.
  1115 | D:1      | Became a worshipper of Gozag Ym Sagoz the Greedy
  1161 | D:2      | You fall into a shaft and drop 2 floors!
  1240 | D:3      | Reached XP level 3. HP: 29/29 MP: 3/3
  1277 | D:3      | Noticed Jessica
  1282 | D:3      | Killed Jessica
  1623 | D:3      | Discovered your monstrous ancestry.
  1623 | D:3      | Gained mutation: You have large cloven feet. [demonic
                  | ancestry]
  1623 | D:3      | Reached XP level 4. HP: 15/35 MP: 4/4
  2524 | D:2      | Gained mutation: You have sharp fingernails. [demonic
                  | ancestry]
  2524 | D:2      | Reached XP level 5. HP: 36/41 MP: 5/5
  2925 | D:3      | Found a runed translucent door.
  2930 | D:3      | Identified the +8 hammer of Lapne {vorpal, rF+ Str+3 Dex+3}
  2930 | D:3      | Noticed Crazy Yiuf
  2958 | D:3      | Killed Crazy Yiuf
  2959 | D:3      | Reached skill level 5 in Axes
  3373 | D:4      | Noticed Blork the orc
  3387 | D:4      | Killed Blork the orc
  3595 | D:4      | Found a broken altar of Ashenzari.
  3631 | D:4      | Gained mutation: You have hoof-like feet. [demonic
                  | ancestry]
  3631 | D:4      | Reached XP level 6. HP: 28/47 MP: 6/6
  4295 | D:4      | Found an iron altar of Okawaru.
  4328 | D:4      | Noticed an ice beast
  4330 | D:4      | Found a stormy altar of Qazlal.
  4335 | D:4      | Killed an ice beast
  4416 | D:4      | Gained mutation: You have a pair of small antennae on your
                  | head. [demonic ancestry]
  4416 | D:4      | Reached XP level 7. HP: 50/52 MP: 7/7
  4725 | D:4      | Found an ancient bone altar of Kikubaaqudgha.
  5376 | D:5      | Entered Level 5 of the Dungeon
  5574 | D:5      | Noticed a vampire
  5588 | D:5      | Killed a vampire
  5759 | D:5      | Found a runed translucent gate.
  5759 | D:5      | Noticed Peloso's ghost (novice MiFi)
  5760 | D:5      | Found a runed translucent gate.
  5761 | D:5      | Found a runed translucent gate.
  5806 | D:5      | Reached skill level 5 in Maces & Flails
  5807 | D:5      | Killed Peloso's ghost
  5808 | D:5      | Gained mutation: You have a pair of antennae on your head.
                  | [demonic ancestry]
  5808 | D:5      | Reached XP level 8. HP: 46/58 MP: 8/8
  6300 | D:4      | Slain by an orc warrior

Illustrated notes

Levels and vault maps discovered:
D:1:      dpeg_arrival_concentric_ovals, layout_loops_corners,
          ebering_ecumenical_altar_hall
D:2:      layout_loops_cross, chequers_avenue, minmay_statues_item
D:3:      layout_basic, zin_scriptorium, uniq_crazy_yiuf_cottage, uniq_jessica
D:4:      layout_gridville, general_overflow_altar, evilmike_ruin_ashenzari,
          mainiacjoe_overflow_catwalk_spiral, tgw_xom, kennysheep_orc_chapel,
          uniq_blork_the_orc
D:5:      layout_cave_pools, gammafunk_ghost_split

Skill      XL: |  1  2  3  4  5  6  7  8 |
---------------+-------------------------+-----
Axes           | 2 3 4 5 6 |  6.7
Maces & Flails | 2 3 5 6 |  6.2
Fighting       | |  3.0
Armour         | |  2.6
Shields        | |  2.6

Action                   |  1- 3 |  4- 6 |  7- 9 || total
-------------------------+-------+-------+-------++-------
Melee: War axe           |    85 |    62 |       ||   147
       Kick              |       |    26 |    16 ||    42
       Mace              |       |    78 |    61 ||   139
  Use: Potion            |       |     1 |     5 ||     6
Armor: Scale mail        |    50 |     2 |       ||    52
       Chain mail        |       |    81 |    47 ||   128
Dodge: Dodged            |    28 |    48 |    17 ||    93
Block: Buckler           |    16 |    38 |    31 ||    85
